 Dungeon Crawl Stone Soup version 0.26-a0-259-g1effd001a9 (webtiles) character file.

Game seed: 1638807626375406705

394 drasked the Chopper (level 6, 0/40 HPs)
             Began as a Gargoyle Berserker on July 15, 2020.
             Was a Priest of Trog.
             Slain by a big kobold (3 damage)
             ... on level 3 of the Dungeon.
             The game lasted 00:03:56 (4057 turns).

drasked the Chopper (Gargoyle Berserker)            Turns: 4057, Time: 00:03:56

Health: 0/40       AC:  6    Str: 22    XL:     6   Next: 82%
Magic:  6/6        EV: 12    Int:  8    God:    Trog [***...]
Gold:   80         SH:  0    Dex:  9    Spells: 5/5 levels left

rFire    . . .     SeeInvis .   a - +0 hand axe
rCold    . . .     Faith    .   (no shield)
rNeg     + . .     Spirit   .   b - +0 animal skin
rPois    ∞         Reflect  .   (no helmet)
rElec    +         Harm     .   (no cloak)
rCorr    .                      (no gloves)
MR       .....                  (no boots)
Stlth    +.........             (no amulet)
HPRegen  0.13/turn              (no ring)
MPRegen  0.10/turn              (no ring)

@: mighty, berserk cooldown, slowed, very slow
A: negative energy resistance 1, electricity resistance, unbreathing,
petrification resistance, rot immunity, AC +4
a: Berserk, Trog's Hand, Renounce Religion


You were on level 3 of the Dungeon.
You worshipped Trog.
Trog was most pleased with you.
You were not hungry.

You visited 1 branch of the dungeon, and saw 3 of its levels.

You collected 80 gold pieces.

Inventory:

Hand Weapons
 a - a +0 hand axe (weapon)
Missiles
 Q - 208 stones (quivered)
Armour
 b - a +0 animal skin (worn)
 k - a +0 helmet
   (You found it on level 3 of the Dungeon)
Scrolls
 c - 2 scrolls of fog {unknown}
 f - a scroll of remove curse {unknown}
 g - a scroll of enchant weapon {unknown}
 i - 2 scrolls of teleportation {unknown}
 l - a scroll of enchant armour {unknown}
Potions
 d - a potion of might
 h - a potion of degeneration {unknown}
 j - a potion of stabbing {unknown}
Comestibles
 e - 13 rations


   Skills:
 + Level 4.9 Fighting
 * Level 5.1 Axes
 + Level 4.2 Armour
 - Level 1.5 Dodging


You had 5 spell levels left.
You didn't know any spells.
Your spell library was empty.

Dungeon Overview and Level Annotations

Branches:
Dungeon (3/15)

Altars:
Cheibriados
Dithmenos
Xom
Zin


Innate Abilities, Weirdness & Mutations

You are resistant to torment.
Your stone body is resilient. (AC +4)
You are immune to poison.
You resist negative energy. (rN+)
You are resistant to electric shocks. (rElec)
You can survive without breathing.
You are immune to petrification.
You are immune to rotting.


Message History

You hit the gnoll. You closely miss the big kobold.
The big kobold hits you with a +2 whip of draining.
* * * LOW HITPOINT WARNING * * *
The gnoll barely misses you.
You are too injured to fight recklessly!
You are too injured to fight recklessly!
You are too injured to fight recklessly!
You are too injured to fight recklessly!
You are too injured to fight recklessly!
You are too injured to fight recklessly!
You are too injured to fight recklessly!
You are too injured to fight recklessly!
You are too injured to fight recklessly!
You are too injured to fight recklessly!
You are too injured to fight recklessly!
You are too injured to fight recklessly!
You are too injured to fight recklessly!
You are too injured to fight recklessly!
You are too injured to fight recklessly!
A red film seems to cover your vision as you go berserk!
You feel yourself moving faster!
You feel mighty!
The big kobold hits you with a +2 whip of draining.
* * * LOW HITPOINT WARNING * * *
The gnoll barely misses you.
You are too injured to fight recklessly!
You are too injured to fight recklessly!
You are too injured to fight recklessly!
You are too injured to fight recklessly!
You are too injured to fight recklessly!
You are too injured to fight recklessly!
You are too injured to fight recklessly!
You are too injured to fight recklessly!
You are too injured to fight recklessly!
You are too injured to fight recklessly!
You are too injured to fight recklessly!
You feel a strong urge to attack something.
The big kobold closely misses you. The gnoll hits you but does no damage.
You hit the gnoll.
You kill the gnoll!
You hit the big kobold.
The big kobold hits you with a +2 whip of draining.
* * * LOW HITPOINT WARNING * * *
The big kobold throws a stone.
The stone closely misses you.
You barely miss the hobgoblin. You closely miss the big kobold.
The hobgoblin hits you but does no damage.
You slash the hobgoblin!
You kill the hobgoblin!
You closely miss the big kobold.
The big kobold throws a stone.
The stone hits you but does no damage.
The big kobold hits you but does no damage.
You barely miss the gnoll. You slash the big kobold!
The big kobold hits you with a +2 whip of draining!
* * * LOW HITPOINT WARNING * * *
The gnoll hits you with a +0 club.
* * * LOW HITPOINT WARNING * * *
You slash the gnoll!
You kill the gnoll!
You closely miss the big kobold. You closely miss the big kobold.
The big kobold misses you.
You hit the big kobold. x2
The big kobold hits you with a +2 whip of draining.
* * * LOW HITPOINT WARNING * * *
The big kobold hits you but does no damage.
You barely miss the big kobold. You hit the big kobold.
The big kobold closely misses you.
You hit the big kobold. x2; The big kobold hits you with a +0 whip.
* * * LOW HITPOINT WARNING * * *
You hit the big kobold. You completely miss the big kobold.
The big kobold barely misses you. The big kobold closely misses you.
You hit the big kobold.
You kill the big kobold!
Your Armour skill increases to level 4!
You closely miss the big kobold.
You are no longer berserk.
You are exhausted.
You feel yourself slow down.
The big kobold hits you but does no damage.
You hit the big kobold. The big kobold hits you with a +0 whip.
* * * LOW HITPOINT WARNING * * *
You slash the big kobold!
The big kobold hits you but does no damage.
The big kobold closely misses you.
You feel very mighty all of a sudden.
d - a potion of might;
c - 2 scrolls labeled UJIHERPHUJYGG The big kobold hits you with a +0 whip.
* * * LOW HITPOINT WARNING * * *
The big kobold closely misses you.
You closely miss the big kobold. You slash the big kobold!
You kill the big kobold!
Your Axes skill increases to level 5!
The big kobold barely misses you.
The big kobold hits you but does no damage.
You slash the big kobold! x2
The big kobold hits you with a +0 short sword.
* * * LOW HITPOINT WARNING * * *
The big kobold barely misses you.
You barely miss the big kobold. You slash the big kobold!
The big kobold hits you but does no damage.
The big kobold hits you.
You die...

#####
#$$$###############
#$$.#..............
KK$#..............
#K##..............
#@K....########...
#......# #...
#)(....########...
##)##...)).........
#...#..............
#...#..............
#...###############
≈#####≈≈≈≈≈≈≈≈≈≈≈≈≈≈
≈≈≈≈≈≈≈≈≈≈≈≈≈≈≈≈≈≈≈≈


You could see 3 big kobolds and a kobold.

Levels and vault maps discovered:
D:1:      saegor_arrival_fortress, layout_basic
D:2:      layout_basic
D:3:      minmay_goblin_kobold_castle, layout_loops_cross,
          chequers_temple_overflow_statue_of_worship,
          chequers_ecumenical_altar_twisty, minmay_circle_x, uniq_sigmund

Notes
Turn   | Place    | Note
-------+----------+-------------------------------------------
     0 | D:1      | drasked the Gargoyle Berserker began the quest for the Orb.
     0 | D:1      | Reached XP level 1. HP: 14/14 MP: 1/1
   135 | D:1      | Identified a +0 short sword
   159 | D:1      | Reached XP level 2. HP: 18/19 MP: 2/2
   179 | D:1      | Identified a +0 club
   190 | D:1      | Reached skill level 3 in Axes
   382 | D:1      | Identified a +0 club
   546 | D:1      | Identified a +0 club
   616 | D:1      | Identified a +0 club
   642 | D:1      | Identified a +0 club
   654 | D:1      | Reached XP level 3. HP: 13/23 MP: 3/3
  1001 | D:1      | Identified a +0 club
  1637 | D:2      | Identified a +0 club
  1652 | D:2      | Identified a +0 club
  1723 | D:2      | Reached XP level 4. HP: 17/29 MP: 4/4
  1750 | D:2      | Reached skill level 3 in Armour
  2014 | D:2      | Reached ** piety under Trog
  2102 | D:2      | HP: 7/29 [worm (2)]
  2454 | D:2      | Identified a +0 whip
  2546 | D:2      | Reached skill level 4 in Fighting
  2751 | D:2      | Identified a cursed -2 whip
  2814 | D:2      | Identified a +0 hunting sling
  2992 | D:3      | Found a faded altar of an unknown god.
  2992 | D:3      | Identified a +0 club
  2992 | D:3      | Identified a +0 hunting sling
  3186 | D:3      | Identified a +0 spear
  3186 | D:3      | Identified a +0 halberd
  3197 | D:3      | Reached skill level 4 in Axes
  3201 | D:3      | Reached XP level 5. HP: 19/33 MP: 5/5
  3380 | D:3      | Identified a +0 club
  3393 | D:3      | Found a snail-covered altar of Cheibriados.
  3395 | D:3      | Found a glowing silver altar of Zin.
  3395 | D:3      | Found a shadowy altar of Dithmenos.
  3395 | D:3      | Found a shimmering altar of Xom.
  3475 | D:3      | Identified a +0 club
  3475 | D:3      | Identified a +0 club
  3480 | D:3      | Identified a +0 dagger
  3731 | D:3      | Identified a +0 club
  3731 | D:3      | Identified a +0 club
  3731 | D:3      | Identified a +0 club
  3800 | D:3      | Identified a cursed -2 club
  3800 | D:3      | Identified a +0 club
  3800 | D:3      | Identified a +0 club
  3819 | D:3      | Identified a +0 dagger
  3820 | D:3      | Identified a +0 club
  3820 | D:3      | Noticed a big kobold
  3827 | D:3      | Reached *** piety under Trog
  3835 | D:3      | Killed a big kobold
  3835 | D:3      | Reached XP level 6. HP: 20/39 MP: 6/6
  4006 | D:3      | Identified a +0 club
  4006 | D:3      | Identified a +0 club
  4006 | D:3      | Identified a +0 club
  4029 | D:3      | Identified a +0 short sword
  4029 | D:3      | Identified a +0 club
  4029 | D:3      | Identified a +0 short sword
  4029 | D:3      | Identified a +0 whip
  4029 | D:3      | Identified a +0 club
  4029 | D:3      | Identified a +2 whip of draining
  4049 | D:3      | HP: 12/58 [big kobold/+0 whip (3)]
  4051 | D:3      | Reached skill level 4 in Armour
  4054 | D:3      | HP: 6/40 [big kobold/+0 whip (1)]
  4055 | D:3      | Reached skill level 5 in Axes
  4056 | D:3      | HP: 2/40 [big kobold/+0 short sword (4)]
  4057 | D:3      | Slain by a big kobold

Table legend:
 A = Turns spent in this place as a percentage of turns spent in the entire game.
 B = Non-inter-level travel turns spent in this place as a percentage of non-inter-level travel turns spent in the entire game.
 C = Inter-level travel turns spent in this place as a percentage of turns spent in this place.
 D = Turns resting spent in this place as a percentage of non-inter-level travel turns spent in this place.
 E = Turns spent auto-exploring this place as a percentage of non-inter-level travel turns spent in this place.
 F = Non-inter-level travel turns spent in this place divided by the number of levels of this place that you've seen.
                   A       B       C       D       E      F
               +-------+-------+-------+-------+-------+----------------------
         Total | 100.0 | 100.0 |   2.0 |  42.4 |  43.1 | 1325.7
       Dungeon | 100.0 | 100.0 |   2.0 |  42.4 |  43.1 | 1325.7
               +-------+-------+-------+-------+-------+----------------------

Table legend:
 A = Kills in this place as a percentage of kills in entire the game.
 B = Kills by you in this place as a percentage of kills by you in the entire game.
 C = Kills by friends in this place as a percentage of kills by friends in the entire game.
 D = Other kills in this place as a percentage of other kills in the entire game.
 E = Experience gained in this place as a percentage of experience gained in the entire game.
 F = Experience gained in this place divided by the number of levels of this place that you have seen.
                   A       B       C       D       E      F
               +-------+-------+-------+-------+-------+----------------------
         Total | 100.0 | 100.0 |   N/A |   N/A | 100.0 | 188.0
       Dungeon | 100.0 | 100.0 |   N/A |   N/A | 100.0 | 188.0
               +-------+-------+-------+-------+-------+----------------------

Skill      XL: |  1  2  3  4  5  6 |
---------------+-------------------+-----
Axes           | 3 4 5 |  5.1
Armour         | 3 4 |  4.2
Fighting       | 4 |  4.9
Dodging        | |  1.5

Action                   |  1- 3 |  4- 6 || total
-------------------------+-------+-------++-------
Melee: Hand axe          |   137 |   175 ||   312
Throw: Stone             |    41 |    47 ||    88
Invok: Berserk           |       |     2 ||     2
  Use: Potion            |       |     1 ||     1
  Eat: Ration            |     1 |     2 ||     3
Armor: Animal skin       |    46 |    75 ||   121
Dodge: Dodged            |    92 |   142 ||   234

Vanquished Creatures
  3 big kobolds (D:3)
  6 gnolls (D:3)
  3 adders
  An adder zombie (D:1)
  5 worms
  3 dart slugs
  3 leopard geckos
  An orc (D:3)
  7 goblins
  10 hobgoblins
  4 jackals
  23 kobolds
  9 bats
  4 frilled lizards
  A quokka zombie (D:1)
  6 rats
89 creatures vanquished.
